 Dungeon Crawl Stone Soup version 0.30-a0-808-g6e0788376e (webtiles) character file.

Game seed: 12909457347715753873

2183 cheesebisquit the Slicer (level 9, -1/63 HPs)
             Began as a Merfolk Gladiator on Feb 26, 2023.
             Was a Believer of Dithmenos.
             Engulfed by a cloud of flame (24 damage)
             ... on level 7 of the Dungeon.
             The game lasted 00:42:27 (10317 turns).

cheesebisquit the Slicer (Merfolk Gladiator)       Turns: 10317, Time: 00:42:28

Health: -1/63      AC: 13    Str: 14    XL:     9   Next: 33%
Magic:  10/10      EV: 29    Int: 13    God:    Dithmenos [**....]
Gold:   98         SH:  0    Dex: 20    Spells: 8/8 levels left

rFire   . . .      SeeInvis .    G - +4 rapier of the Scorpion {drain, Int+6}
rCold   . . .      Faith    .    (no shield)
rNeg    . . .      Spirit   .    b - +2 leather armour
rPois   .          Reflect  .    c - +2 helmet
rElec   .          Harm     .    F - scarf {repulsion}
rCorr   .          Rampage  +    l - +1 pair of gloves
Will    .....                    x - +2 pair of boots {rampage}
Stlth   ++                       v - amulet of the acrobat
HPRegen 0.30/turn                (no ring)
MPRegen 0.12/turn                (no ring)

@: acrobatic, wreathed by umbra, repel missiles
A: (nimble swimmer 2), mertail
a: Renounce Religion, Shadow Step


You were on level 7 of the Dungeon.
You worshipped Dithmenos.
Dithmenos was pleased with you.
You visited 1 branch of the dungeon, and saw 7 of its levels.
You also visited: Sewer.

You collected 561 gold pieces.
You spent 463 gold pieces at shops.

Inventory:

Hand Weapons
 G - the +4 rapier of the Scorpion (weapon) {drain, Int+6}
   (You found it on level 6 of the Dungeon)

   Int:       It affects your intelligence (+6).
Missiles
 w - 6 javelins (quivered)
 C - 3 poisoned darts
 E - 5 datura-tipped darts
Armour
 b - a +2 leather armour (worn)
 c - a +2 helmet (worn)
 l - a +1 pair of gloves (worn)
 x - a +2 pair of boots of rampaging (worn)
 F - a scarf of repulsion (worn)
Jewellery
 v - an amulet of the acrobat (around neck)
 B - a ring of poison resistance
Wands
 h - a wand of roots (1)
 H - a wand of quicksilver (8)
Scrolls
 d - a scroll of vulnerability
 e - a scroll of blinking {unknown}
 g - 2 scrolls of immolation
 j - a scroll of fear {unknown}
 m - 4 scrolls of noise
 n - 2 scrolls of poison
 o - 5 scrolls of teleportation
 r - 2 scrolls of summoning
 t - a scroll of fog {unknown}
 y - a scroll of silence
 D - 2 scrolls of brand weapon
Potions
 a - a potion of attraction
 f - 2 potions of brilliance
 i - 3 potions of flight
 k - 4 potions of lignification
 p - a potion of mutation {unknown}
 q - 2 potions of haste
 s - a potion of cancellation {unknown}
 u - a potion of resistance {unknown}
 z - a potion of berserk rage {unknown}
 A - 2 potions of heal wounds


   Skills:
 + Level 3.0 Fighting
 - Level 14.0 Short Blades
 - Level 2.0 Throwing
 + Level 4.7 Dodging
 + Level 1.8 Stealth
 + Level 1.6 Invocations


You had 8 spell levels left.
You didn't know any spells.
Your spell library contained the following spells:

 Spells                   Type           Power      Damage    Failure   Level
 Freeze                   Ice            0%         1d3       36%         1
 Necrotise                Necr           0%         1d4       36%         1
 Cigotuvi's Dreadful Rot  Necr/Pois/Air  0%         N/A       52%         2
 Poisonous Vapours        Pois/Air       0%         N/A       52%         2
 Sublimation of Blood     Necr           0%         N/A       52%         2
 Frozen Ramparts          Ice            0%         1d1       75%         3
 Hailstorm                Conj/Ice       0%         3d3       75%         3
 Inner Flame              Hex/Fire       0%         N/A       75%         3
 Mephitic Cloud           Conj/Pois/Air  0%         N/A       75%         3
 Flame Wave               Conj/Fire      0%         2d4       98%         4
 Ice Form                 Ice/Tmut       0%         N/A       98%         4
 Petrify                  Tmut/Erth      0%         N/A       98%         4
 Sticky Flame             Conj/Fire      0%         2d3       98%         4
 Agony                    Necr           0%         N/A       100%        5
 Alistair's Intoxication  Tmut/Pois      0%         N/A       100%        5
 Irradiate                Conj/Tmut      0%         3d11      100%        5
 Simulacrum               Ice/Necr       0%         N/A       100%        6


Dungeon Overview and Level Annotations

Branches:
Dungeon (7/15)             Temple (0/1) D:5           Sewer (visited)

Altars:
Dithmenos
Elyvilon
Fedhas
Ru
Zin
The Shining One

Shops:
D:3 ![=   D:7 !(?


Innate Abilities, Weirdness & Mutations

((You are very nimble when in or above water. (Stealth+, EV+, Speed+++)))
Your lower body shifts to a powerful aquatic tail in water.


Message History

k - 4 potions of lignification (gained 1) Magic restored.
A necrophage comes into view.
You rampage towards the necrophage!
You rampage towards the necrophage!
The helpless necrophage fails to defend itself.
You skewer the necrophage like a kebab!!!!
You destroy the necrophage!
Dithmenos accepts your kill.
Your Fighting skill increases to level 3!
Found a leather armour.
You see here a +0 leather armour.
Found an escape hatch in the ceiling.
There is an escape hatch in the ceiling here.
A mysterious force pulls you upwards. The hatch slams shut behind you.
There is an escape hatch in the floor here.
You slide downwards.
The hatch slams shut behind you.
Found 10 gold pieces.
You now have 87 gold pieces (gained 10).
You now have 98 gold pieces (gained 11).
You see here a +0 leather armour.
Found a morningstar.
You see here a +0 morningstar.
I - a scroll of identify
As you read the scroll of identify, it crumbles to dust.
a - a potion of attraction
There is a stone staircase leading down here.
There is an entrance to Ythoji's Distillery here.
You see here a +0 trident.
There is an escape hatch in the floor here.
You see here a +0 ring mail.
You see here the +2 plate armour of the Salamander {Str+2}.
There is an escape hatch in the floor here.
Partly explored, can't reach some items and places.
Really walk into a travel-excluded area?
You are engulfed in blazing flames.
You are engulfed in blazing flames.
You are engulfed in blazing flames.
You are engulfed in blazing flames.
You die...

##########
...#.....#########
...#.............#
...#.....#####...#
.........# #☼§@#
...#.....# #○§°#
...####.## #○§☼#
...#
#.######...#####
.###
#...§§...$..§§○.##
.#
##...§§..)..☼☼☼..#
.#
##.§§☼...(.☼....#
.# #####...#####.#
.# #§§.# #.#


There were no monsters in sight!

Vanquished Creatures
  Grinder (D:3)
  Sigmund (D:4)
  Edmund (D:5)
  A water moccasin (D:7)
  An orc warrior (D:6)
  A sky beast (D:7)
  An ice beast (D:5)
  A centaur (D:6)
  4 phantoms
  3 necrophages
  2 bullfrogs (Sewer)
  2 scorpions
  A hound (D:5)
  A jelly (D:7)
  2 orc priests (D:6)
  An iguana (D:4)
  Robin (D:3)
  12 adders
  3 gnolls (D:6)
  6 river rats (Sewer)
  A white imp (D:5)
  3 ufetubi
  3 worms
  3 dart slugs
  11 orcs
  4 bats
  11 endoplasms
  A giant cockroach (D:3)
  13 goblins
  9 hobgoblins
  4 jackals (D:1)
  6 quokkas
  22 ball pythons
  8 frilled lizards
  3 kobolds
  26 rats
174 creatures vanquished.

Notes
Turn   | Place    | Note
-------+----------+-------------------------------------------
     0 | D:1      | cheesebisquit the Merfolk Gladiator began the quest for the
                  | Orb.
     0 | D:1      | Reached XP level 1. HP: 16/16 MP: 1/1
   172 | D:1      | Reached skill level 4 in Short Blades
   204 | D:1      | Reached XP level 2. HP: 22/22 MP: 2/2
   644 | D:1      | Reached XP level 3. HP: 17/27 MP: 3/3
   646 | D:1      | Reached skill level 5 in Short Blades
  1291 | D:2      | Found a sacrificial altar of Ru.
  1867 | D:2      | Reached XP level 4. HP: 33/33 MP: 4/4
  2148 | D:3      | Found a shadowy altar of Dithmenos.
  2172 | D:3      | Reached skill level 6 in Short Blades
  2180 | D:3      | Found Dobiguev's Jewellery Shop.
  2185 | D:3      | Became a worshipper of Dithmenos the Shadowed
  2345 | D:3      | Found a glowing drain.
  2357 | Sewer    | Entered a sewer
  2438 | Sewer    | Reached XP level 5. HP: 38/38 MP: 5/5
  2466 | Sewer    | Reached * piety under Dithmenos
  2534 | Sewer    | Reached skill level 7 in Short Blades
  2676 | Sewer    | Reached skill level 8 in Short Blades
  2676 | Sewer    | Reached XP level 6. HP: 29/44 MP: 6/6
  3163 | D:3      | Noticed Robin
  3306 | D:3      | Found Vezia's Armour Shoppe.
  3314 | D:3      | Bought a +0 pair of boots of rampaging for 126 gold pieces
  3389 | D:3      | Found Sini's Distillery.
  3397 | D:3      | Bought a potion of curing for 30 gold pieces
  3692 | D:4      | Noticed Grinder
  3698 | D:3      | Paralysed by Grinder for 4 turns
  3704 | D:3      | HP: 2/44 [constriction (6)]
  4035 | D:4      | Noticed Sigmund
  4265 | D:3      | HP: 1/44 [Grinder/nerve-wracking pain (5)]
  4269 | D:3      | Killed Grinder
  4270 | D:3      | Reached skill level 9 in Short Blades
  4270 | D:3      | Reached XP level 7. HP: 2/50 MP: 7/7
  4674 | D:4      | Reached skill level 10 in Short Blades
  4923 | D:4      | Killed Sigmund
  4923 | D:4      | Reached ** piety under Dithmenos
  4924 | D:4      | Reached skill level 11 in Short Blades
  4924 | D:4      | Reached XP level 8. HP: 42/56 MP: 8/8
  5395 | D:4      | Found a glowing silver altar of Zin.
  5395 | D:4      | Found a white marble altar of Elyvilon.
  5395 | D:4      | Found a glowing golden altar of the Shining One.
  5450 | D:3      | Found a shadowy altar of Dithmenos.
  5515 | D:3      | Found Dobiguev's Jewellery Shop.
  5570 | D:3      | Found Vezia's Armour Shoppe.
  5622 | D:3      | Found Sini's Distillery.
  5719 | D:3      | Killed Robin
  6696 | D:4      | Found a glowing silver altar of Zin.
  6696 | D:4      | Found a glowing golden altar of the Shining One.
  6699 | D:4      | Found a white marble altar of Elyvilon.
  6903 | D:5      | Entered Level 5 of the Dungeon
  7141 | D:5      | Found a staircase to the Ecumenical Temple.
  7239 | D:5      | Reached skill level 12 in Short Blades
  7294 | D:5      | Noticed Edmund
  7305 | D:5      | Killed Edmund
  7981 | D:6      | Reached skill level 13 in Short Blades
  8288 | D:6      | Reached XP level 9. HP: 61/61 MP: 9/9
  8595 | D:6      | Reached skill level 14 in Short Blades
  8748 | D:6      | Identified the +4 rapier of the Scorpion {drain, Int+6}
  8901 | D:7      | Found Istrack's Antique Weapon Shoppe.
  8905 | D:7      | Found Edwugoz's Magic Scroll Boutique.
  9388 | D:7      | Bought a scroll of identify for 30 gold pieces
  9388 | D:7      | Bought a scroll of identify for 30 gold pieces
  9390 | D:7      | Bought a scroll of summoning for 142 gold pieces
  9390 | D:7      | Bought a scroll of poison for 60 gold pieces
  9390 | D:7      | Bought a scroll of teleportation for 45 gold pieces
  9423 | D:7      | Identified the +2 plate armour of the Salamander {Str+2}
  9566 | D:7      | Found Ythoji's Distillery.
  9573 | D:7      | Reached skill level 1 in Stealth
  9573 | D:7      | Reached skill level 1 in Invocations
  9575 | D:7      | Found a blossoming altar of Fedhas.
  9734 | D:7      | Got Sif Muna's Thoughts on Poison and Left-Handed Rites
 10317 | D:7      | Engulfed by a cloud of flame

Illustrated notes

Levels and vault maps discovered:
D:1:      dpeg_arrival_snail, layout_basic
D:2:      layout_basic, basic_altar, minmay_hexomino_u4
D:3:      layout_loops_cross, grunt_dithmenos_smoke,
          cheibrodos_sewer_entry_bend, serial_shops, shop, shop,
          nicolae_shop_waterfront, uniq_robin
D:4:      layout_loops_ring, good_gods_mini_temple, uniq_sigmund, uniq_grinder
D:5:      layout_loops_corners, minmay_temple_entry_tees, uniq_edmund
D:6:      layout_gridville
D:7:      layout_basic, kennysheep_mini, serial_shops, shop_fountains, shop,
          nicolae_shop_overgrown_old_shop, lemuel_flame_loot_1

Skill      XL: |  1  2  3  4  5  6  7  8  9 |
---------------+----------------------------+-----
Short Blades   | 4 5 6 8 9 11 13 14 | 14.0
Stealth        | 1 |  1.8
Invocations    | 1 |  1.6
Fighting       | 3 |  3.0
Throwing       | |  2.0
Dodging        | |  4.7

Action                     |  1- 3 |  4- 6 |  7- 9 || total
---------------------------+-------+-------+-------++-------
  Melee: Rapier            |   122 |   238 |   251 ||   611
         Punch             |     1 |     1 |     1 ||     3
         Tailslap          |       |     7 |       ||     7
  Throw: Throwing net      |     9 |       |       ||     9
         Javelin           |     3 |     6 |    13 ||    22
         Stone             |    17 |       |       ||    17
    Use: Scroll            |       |    16 |    10 ||    26
         Potion            |       |     4 |     3 ||     7
   Stab: Sleeping          |     2 |     3 |     4 ||     9
         Distracted        |       |       |     1 ||     1
         Invisible         |       |       |     1 ||     1
 Armour: Leather armour    |    34 |    72 |    41 ||   147
  Dodge: Dodged            |    80 |   181 |   100 ||   361

Table legend: (Time is in decaauts)
 A = Elapsed time spent in this place.
 B = Non-inter-level travel time spent in this place.
 C = Inter-level travel time spent in this place.
 D = Time resting spent in this place.
 E = Time spent auto-exploring this place.
 F = Levels seen in this place.
 G = Mean time per level.
                   A        B        C        D        E       F      G
               +--------+--------+--------+--------+--------+-----+--------+
         Total |  10133 |   9125 |   1008 |    887 |   6692 |   8 | 1266.6 |
       Dungeon |   9706 |   8698 |   1008 |    887 |   6461 |   7 | 1386.6 |
         Sewer |    426 |    426 |      0 |      0 |    230 |   1 |  426.0 |
               +--------+--------+--------+--------+--------+-----+--------+

Top non-repeatable levels by time:
     D:3: 2492 daAuts
     D:4: 1749 daAuts
     D:2: 1404 daAuts
     D:7: 1148 daAuts
     D:6: 1041 daAuts
     D:5: 966 daAuts
     D:1: 902 daAuts
   Sewer: 426 daAuts
